 Dungeon Crawl Stone Soup version 0.31-a0-152-g6aa68a64a1 (webtiles) character file.

Game seed: 15675649464011732742

163720 qw the Marksminotaur (level 17, -2/163 HPs)
             Began as a Minotaur Hunter on June 9, 2023.
             Was a High Priest of Okawaru.
             Killed from afar by a salamander tyrant (32 damage)
             ... with a flame surge
             ... on level 4 of the Snake Pit.
             The game lasted 00:14:51 (28401 turns).

qw the Marksminotaur (Minotaur Hunter)             Turns: 28401, Time: 00:14:52

Health: -2/163     AC: 23    Str: 16    XL:     17   Next: 24%
Magic:  23/23      EV: 43    Int:  6    God:    Okawaru [*****.]
Gold:   2166       SH:  0    Dex: 33    Spells: 16/16 levels left

rFire   . . .        q - +12 longbow of Desperation {flame, rC+ Dex+4}
rCold   + . .        (shield currently unavailable)
rNeg    . . .        c - +5 steam dragon scales
rPois   .            l - +0 hat of Responsibility {Rampage Dex+3 Stlth-}
rElec   .            j - +2 cloak
rCorr   .            a - +1 pair of gloves
SInv    .            r - +2 pair of boots
Will    ++...        b - amulet of faith
Stlth   +++          i - +6 ring of dexterity
HPRegen 0.47/turn    (no ring)
MPRegen 0.18/turn

%: rampage, faith
@: about to teleport, heroic
A: horns 2, retaliatory headbutt, strong-willed 1, weak 1, MP-powered wands
a: Renounce Religion, Heroism, Finesse, Duel


You were on level 4 of the Snake Pit.
You worshipped Okawaru.
Okawaru was extremely pleased with you.
You visited 5 branches of the dungeon, and saw 29 of its levels.

You collected 2830 gold pieces.
You spent 664 gold pieces at shops.


Innate Abilities, Weirdness & Mutations

You have a pair of horns on your head.
You reflexively headbutt those who attack you in melee.
You are strong-willed. (Will+)
You are weak. (Str -2)
You expend magic power (3 MP) to strengthen your wands.


   Skills:
 + Level 18.0(23.0) Fighting
 - Level 20.0(25.0) Ranged Weapons
 - Level 10.0(15.0) Armour
 - Level 19.0(24.0) Dodging
 - Level 0.7(5.7) Stealth
 - Level 10.0 Invocations


You had 16 spell levels left.
You didn't know any spells.
Your spell library was empty.

Inventory:

Hand Weapons
 q - the +12 longbow of Desperation (weapon) {flame, rC+ Dex+4}
   (Okawaru gifted it to you on level 1 of the Orcish Mines)

   Dex:       It affects your dexterity (+4).
   rC:        It protects you from cold.
Armour
 a - a +1 pair of gloves (worn)
 c - +5 steam dragon scales (worn)
 j - a +2 cloak (worn)
 l - the +0 hat of Responsibility (worn) {Rampage Dex+3 Stlth-}
   (Okawaru gifted it to you on level 3 of the Snake Pit)

   Dex:       It affects your dexterity (+3).
   Rampage:   It bestows one free step when moving towards enemies.
   Stlth:     It makes you less stealthy.
 r - a +2 pair of boots (worn)
Jewellery
 b - an amulet of faith (around neck)
 i - a +6 ring of dexterity (left hand)
 m - an amulet of reflection
 v - the ring of Koatakh {rElec Int+6 Dex+7 Slay+5}
   (You found it on level 4 of the Snake Pit)

   [ring of intelligence]

   Int:       It affects your intelligence (+6).
   Dex:       It affects your dexterity (+7).
   Slay:      It affects your accuracy & damage with ranged weapons and melee
   (+5).
   rElec:     It insulates you from electricity.
Wands
 g - a wand of digging (17)
Scrolls
 e - 9 scrolls of identify
 t - a scroll of brand weapon
 u - a scroll of enchant weapon
Potions
 f - 16 potions of curing
 h - 3 potions of magic
 k - 5 potions of haste
 n - 3 potions of cancellation
 o - a potion of might
 p - 2 potions of resistance
 s - 4 potions of mutation

Dungeon Overview and Level Annotations

Branches:
Dungeon (15/15)            Temple (0/1) D:5            Lair (5/5) D:11
  Swamp (3/4) Lair:2        Snake (4/4) Lair:3        Slime (0/5) Lair:4
    Orc (2/2) D:10            Elf (0/3) Orc:2        Vaults (0/5) D:14
 Depths (0/4) D:15

Altars:
Dithmenos
Fedhas
Nemelex Xobeh
Okawaru
Ru
Trog
Wu Jian
Jiyva
Lugonu

Shops:
Orc:1 *   Orc:2 *:(((

Portals:
Abyss: Lair:2
Trove: D:15 (give 8 potions of haste)

Annotations:
D:5 3 runed translucent doors, qw's ghost, amateur GrFi; qw's ghost, novice MiHu
D:12 3 runed translucent doors, Nissa's ghost, journeyman MiFi
Orc:1 1 runed translucent door, Tinen's ghost, journeyman TrMo


Message History

You hear a shout! x2
The salamander tyrant rends the earth beneath you!
The blast of magma engulfs you!!
You hear a shout!
Enter note:
Enter note: You shoot an arrow.
The arrow hits the naga!!
The arrow burns the naga.
You kill the naga!
Okawaru accepts your kill.
You shoot an arrow. The arrow hits the salamander tyrant!!
The salamander tyrant is moderately wounded.
You hear a shout!
The salamander tyrant calls gouts of flame from the lava!
The flame surge hits you!!
You shoot an arrow. The arrow hits the black mamba!!
The arrow burns the black mamba!
The black mamba is severely wounded.
A nagaraja comes into view. It is wielding a +3 halberd.
The salamander tyrant calls gouts of flame from the lava!
The flame surge hits you!!
You shoot an arrow. The nagaraja shouts!
The arrow hits the black mamba!!
The arrow burns the black mamba.
You kill the black mamba!
Okawaru accepts your kill.
Your base Dodging skill increases to level 19!
You shoot an arrow. The arrow hits the salamander tyrant!
The salamander tyrant is heavily wounded.
The salamander tyrant rends the earth beneath you!
The blast of magma engulfs you!!!
You hear a shout!
You hear an angry hiss.
You hear a shout!
A black mamba comes into view.
Enter note:
Enter note:
28401 ||| READING scroll of teleportation.
As you read the scroll of teleportation, it crumbles to dust.
You feel strangely unstable.
The salamander tyrant calls gouts of flame from the lava!
The flame surge hits you!!
You die...

.......####.##.#...........#
####...# #.##............##
#...# #..........
#...####....#...
#...........# #...####...##
#.%)# ##~~[### ##~@))..#
#..~##...# #.....).......#
#.......)..)..#
#....)N.....N.#
#..#.....#....#
#.....)....NN.#
##........#S.N. ###...}NN.
##


You could see a naga sharpshooter, a salamander tyrant and a black mamba.

Vanquished Creatures
  Nikola (Swamp:2)
  A tentacled monstrosity (Snake:1)
  A thorn hunter (Snake:1)
  Kirke (Lair:3)
  An orc warlord (Orc:1)
  An ironbound preserver (D:14)
  5 eleionomae
  A dire elephant (D:15)
  A bunyip (Swamp:2)
  Josephine (D:11)
  8 hydras
  4 ghost crabs
  A salamander tyrant (Snake:3)
  8 naga warriors
  2 two-headed ogres
  7 anacondas
  2 boulder beetles
  7 centaur warriors
  11 alligators
  2 tengu warriors (D:14)
  5 orc high priests (Orc:2)
  2 shock serpents
  A spriggan (Swamp:3)
  A spriggan berserker (Swamp:2)
  9 naga sharpshooters
  Nergalle (Lair:1)
  A skyshark (Lair:3)
  2 salamander mystics (Snake:3)
  10 goliath frogs
  6 swamp dragons
  7 sea snakes
  8 orc knights
  A wizard (D:14)
  2 spriggan druids
  4 naga ritualists
  4 bog bodies
  5 mana vipers
  3 deep elf pyromancers
  4 cyclopes
  3 will-o-the-wisps
  4 orc sorcerers
  12 salamanders
  13 ugly things
  4 manticores
  4 centaur zombies (D:12)
  28 black mambas
  12 slime creatures
  4 guardian serpents
  9 elephants
  18 naga magi
  19 cane toads
  Maggie (D:10)
  A kobold demonologist (D:11)
  2 rime drakes
  Psyche (D:10)
  3 komodo dragons
  5 freezing wraiths
  An efreet (D:15)
  9 trolls
  3 meliai (D:15)
  A merfolk (D:12)
  A bloated husk (Swamp:2)
  3 hornets
  A polar bear (Lair:3)
  17 tyrant leeches
  10 blink frogs (Lair:5)
  Sigmund (D:6)
  2 shadows
  2 vampires
  5 wyverns
  5 wraiths
  29 yaks
  3 hogs (Lair:3)
  Eustachio (D:4)
  5 basilisks
  A golden eye (shapeshifter) (D:14)
  A steam dragon (D:10)
  31 vampire mosquitoes
  29 nagas
  16 swamp worms
  An acid dragon (D:10)
  14 water moccasins
  A meliai simulacrum (D:12)
  An ice beast (D:6)
  42 orc warriors
  5 black bears
  3 ogres
  A boggart (D:14)
  15 wolves
  3 centaurs (D:15)
  3 kobold brigands (D:11)
  A phantom (D:5)
  16 bullfrogs
  3 scorpions
  3 wights (D:10)
  23 killer bees
  17 electric eels
  3 howler monkeys
  A lava snake (Snake:3)
  27 orc priests
  5 jellies (Lair:4)
  A hound (D:5)
  3 iguanas
  21 orc wizards
  6 adders
  A shadow imp (D:6)
  2 ufetubi
  2 dart slugs
  91 orcs
  8 endoplasms
  3 giant cockroaches
  8 goblins
  8 hobgoblins
  5 jackals
  A quokka (D:1)
  3 ball pythons
  4 bats
  2 frilled lizards (D:1)
  6 kobolds
  6 rats
  A lurking horror (Lair:2)
832 creatures vanquished.

Vanquished Creatures (others)
  8 foxfires
8 creatures vanquished.

Grand Total: 840 creatures vanquished

Notes
Turn   | Place    | Note
-------+----------+-------------------------------------------
     0 | D:1      | qw the Minotaur Hunter began the quest for the Orb.
     0 | D:1      | Reached XP level 1. HP: 18/18 MP: 0/0
     0 | D:1      | 0 ||| qw: Version: 0.2-a-122-gbc61b45
     0 | D:1      | 0 ||| qw: Game counter: 3425
     0 | D:1      | 0 ||| qw: Always use a shield: true
     0 | D:1      | 0 ||| qw: God list: Okawaru
     0 | D:1      | 0 ||| qw: Allow faded altars: false
     0 | D:1      | 0 ||| qw: Do Orc after D:15 true
     0 | D:1      | 0 ||| qw: Do second Lair branch before Depths: true
     0 | D:1      | 0 ||| qw: Lair rune preference: random
     0 | D:1      | 0 ||| qw: Plans: Normal
     0 | D:1      | 0 ||| PLANNING D:1-11
   209 | D:1      | You fall into a shaft and drop 1 floor!
   226 | D:2      | Reached XP level 2. HP: 24/25 MP: 1/1
   296 | D:2      | 296 ||| READING scroll labelled EBEAG ASHEZXOL.
   301 | D:2      | 301 ||| READING 2 scrolls labelled RAXUBBUT DUNER.
   302 | D:2      | 302 ||| DROPPING scroll of butterflies.
   303 | D:2      | 303 ||| Stepping randomly (stuck).
   304 | D:2      | 304 ||| Stepping randomly (stuck).
   305 | D:2      | 305 ||| Stepping randomly (stuck).
   306 | D:2      | 306 ||| Stepping randomly (stuck).
   307 | D:2      | 307 ||| Stepping randomly (stuck).
   308 | D:2      | 308 ||| Stepping randomly (stuck).
   309 | D:2      | 309 ||| Stepping randomly (stuck).
   310 | D:2      | 310 ||| Stepping randomly (stuck).
   311 | D:2      | 311 ||| Stepping randomly (stuck).
   312 | D:2      | 312 ||| Stepping randomly (stuck).
   313 | D:2      | 313 ||| Stepping randomly (stuck).
   314 | D:2      | 314 ||| Stepping randomly (stuck).
   315 | D:2      | 315 ||| Stepping randomly (stuck).
   316 | D:2      | 316 ||| Stepping randomly (stuck).
   317 | D:2      | 317 ||| Stepping randomly (stuck).
   318 | D:2      | 318 ||| Stepping randomly (stuck).
   319 | D:2      | 319 ||| Stepping randomly (stuck).
   320 | D:2      | 320 ||| Stepping randomly (stuck).
   321 | D:2      | 321 ||| Stepping randomly (stuck).
   322 | D:2      | 322 ||| Stepping randomly (stuck).
   323 | D:2      | 323 ||| Stepping randomly (stuck).
   324 | D:2      | 324 ||| Stepping randomly (stuck).
   325 | D:2      | 325 ||| Stepping randomly (stuck).
   326 | D:2      | 326 ||| Stepping randomly (stuck).
   327 | D:2      | 327 ||| Stepping randomly (stuck).
   328 | D:2      | 328 ||| Stepping randomly (stuck).
   329 | D:2      | 329 ||| Stepping randomly (stuck).
   330 | D:2      | 330 ||| Stepping randomly (stuck).
   331 | D:2      | 331 ||| Stepping randomly (stuck).
   332 | D:2      | 332 ||| Stepping randomly (stuck).
   333 | D:2      | 333 ||| Stepping randomly (stuck).
   334 | D:2      | 334 ||| Stepping randomly (stuck).
   335 | D:2      | 335 ||| Stepping randomly (stuck).
   336 | D:2      | 336 ||| Stepping randomly (stuck).
   337 | D:2      | 337 ||| Stepping randomly (stuck).
   338 | D:2      | 338 ||| Stepping randomly (stuck).
   339 | D:2      | 339 ||| Stepping randomly (stuck).
   340 | D:2      | 340 ||| Stepping randomly (stuck).
   341 | D:2      | 341 ||| Stepping randomly (stuck).
   342 | D:2      | 342 ||| Stepping randomly (stuck).
   343 | D:2      | 343 ||| Stepping randomly (stuck).
   344 | D:2      | 344 ||| Stepping randomly (stuck).
   345 | D:2      | 345 ||| Stepping randomly (stuck).
   346 | D:2      | 346 ||| Stepping randomly (stuck).
   347 | D:2      | 347 ||| Stepping randomly (stuck).
   348 | D:2      | 348 ||| Stepping randomly (stuck).
   349 | D:2      | 349 ||| Stepping randomly (stuck).
   350 | D:2      | 350 ||| Stepping randomly (stuck).
   351 | D:2      | 351 ||| Stepping randomly (stuck).
   352 | D:2      | 352 ||| Stepping randomly (stuck).
   353 | D:2      | 353 ||| Stepping randomly (stuck).
   354 | D:2      | 354 ||| Stepping randomly (stuck).
   355 | D:2      | 355 ||| Stepping randomly (stuck).
   356 | D:2      | 356 ||| Stepping randomly (stuck).
   357 | D:2      | 357 ||| Stepping randomly (stuck).
   358 | D:2      | 358 ||| Stepping randomly (stuck).
   359 | D:2      | 359 ||| Stepping randomly (stuck).
   360 | D:2      | 360 ||| Stepping randomly (stuck).
   361 | D:2      | 361 ||| Stepping randomly (stuck).
   362 | D:2      | 362 ||| Stepping randomly (stuck).
   363 | D:2      | 363 ||| Stepping randomly (stuck).
   364 | D:2      | 364 ||| Stepping randomly (stuck).
   365 | D:2      | 365 ||| Stepping randomly (stuck).
   366 | D:2      | 366 ||| Stepping randomly (stuck).
   367 | D:2      | 367 ||| Stepping randomly (stuck).
   368 | D:2      | 368 ||| Stepping randomly (stuck).
   369 | D:2      | 369 ||| Stepping randomly (stuck).
   370 | D:2      | 370 ||| Stepping randomly (stuck).
   371 | D:2      | 371 ||| Stepping randomly (stuck).
   372 | D:2      | 372 ||| Stepping randomly (stuck).
   373 | D:2      | 373 ||| Stepping randomly (stuck).
   374 | D:2      | 374 ||| Stepping randomly (stuck).
   375 | D:2      | 375 ||| Stepping randomly (stuck).
   376 | D:2      | 376 ||| Stepping randomly (stuck).
   377 | D:2      | 377 ||| Stepping randomly (stuck).
   378 | D:2      | 378 ||| Stepping randomly (stuck).
   379 | D:2      | 379 ||| Stepping randomly (stuck).
   380 | D:2      | 380 ||| Stepping randomly (stuck).
   381 | D:2      | 381 ||| Stepping randomly (stuck).
   382 | D:2      | 382 ||| Stepping randomly (stuck).
   383 | D:2      | 383 ||| Stepping randomly (stuck).
   384 | D:2      | 384 ||| Stepping randomly (stuck).
   385 | D:2      | 385 ||| Stepping randomly (stuck).
   386 | D:2      | 386 ||| Stepping randomly (stuck).
   387 | D:2      | 387 ||| Stepping randomly (stuck).
   388 | D:2      | 388 ||| Stepping randomly (stuck).
   389 | D:2      | 389 ||| Stepping randomly (stuck).
   390 | D:2      | 390 ||| Stepping randomly (stuck).
   391 | D:2      | 391 ||| Stepping randomly (stuck).
   392 | D:2      | 392 ||| Stepping randomly (stuck).
   393 | D:2      | 393 ||| Stepping randomly (stuck).
   394 | D:2      | 394 ||| Stepping randomly (stuck).
   395 | D:2      | 395 ||| Stepping randomly (stuck).
   396 | D:2      | 396 ||| Stepping randomly (stuck).
   397 | D:2      | 397 ||| Stepping randomly (stuck).
   398 | D:2      | 398 ||| Stepping randomly (stuck).
   399 | D:2      | 399 ||| Stepping randomly (stuck).
   400 | D:2      | 400 ||| Stepping randomly (stuck).
   401 | D:2      | 401 ||| Stepping randomly (stuck).
   402 | D:2      | 402 ||| Stepping randomly (stuck).
   403 | D:2      | 403 ||| Stepping randomly (stuck).
   404 | D:2      | 404 ||| Stepping randomly (stuck).
   405 | D:2      | 405 ||| Stepping randomly (stuck).
   406 | D:2      | 406 ||| Stepping randomly (stuck).
   407 | D:2      | 407 ||| Stepping randomly (stuck).
   408 | D:2      | 408 ||| Stepping randomly (stuck).
   409 | D:2      | 409 ||| Stepping randomly (stuck).
   410 | D:2      | 410 ||| Stepping randomly (stuck).
   411 | D:2      | 411 ||| Stepping randomly (stuck).
   412 | D:2      | 412 ||| Stepping randomly (stuck).
   413 | D:2      | 413 ||| Stepping randomly (stuck).
   414 | D:2      | 414 ||| Stepping randomly (stuck).
   415 | D:2      | 415 ||| Stepping randomly (stuck).
   416 | D:2      | 416 ||| Stepping randomly (stuck).
   417 | D:2      | 417 ||| Stepping randomly (stuck).
   418 | D:2      | 418 ||| Stepping randomly (stuck).
   419 | D:2      | 419 ||| Stepping randomly (stuck).
   420 | D:2      | 420 ||| Stepping randomly (stuck).
   421 | D:2      | 421 ||| Stepping randomly (stuck).
   422 | D:2      | 422 ||| Stepping randomly (stuck).
   423 | D:2      | 423 ||| Stepping randomly (stuck).
   424 | D:2      | 424 ||| Stepping randomly (stuck).
   425 | D:2      | 425 ||| Stepping randomly (stuck).
   426 | D:2      | 426 ||| Stepping randomly (stuck).
   427 | D:2      | 427 ||| Stepping randomly (stuck).
   428 | D:2      | 428 ||| Stepping randomly (stuck).
   429 | D:2      | 429 ||| Stepping randomly (stuck).
   430 | D:2      | 430 ||| Stepping randomly (stuck).
   431 | D:2      | 431 ||| Stepping randomly (stuck).
   432 | D:2      | 432 ||| Stepping randomly (stuck).
   433 | D:2      | 433 ||| Stepping randomly (stuck).
   434 | D:2      | 434 ||| Stepping randomly (stuck).
   435 | D:2      | 435 ||| Stepping randomly (stuck).
   436 | D:2      | 436 ||| Stepping randomly (stuck).
   437 | D:2      | 437 ||| Stepping randomly (stuck).
   438 | D:2      | 438 ||| Stepping randomly (stuck).
   439 | D:2      | 439 ||| Stepping randomly (stuck).
   440 | D:2      | 440 ||| Stepping randomly (stuck).
   441 | D:2      | 441 ||| Stepping randomly (stuck).
   442 | D:2      | 442 ||| Stepping randomly (stuck).
   443 | D:2      | 443 ||| Stepping randomly (stuck).
   444 | D:2      | 444 ||| Stepping randomly (stuck).
   445 | D:2      | 445 ||| Stepping randomly (stuck).
   446 | D:2      | 446 ||| Stepping randomly (stuck).
   447 | D:2      | 447 ||| Stepping randomly (stuck).
   448 | D:2      | 448 ||| Stepping randomly (stuck).
   449 | D:2      | 449 ||| Stepping randomly (stuck).
   450 | D:2      | 450 ||| Stepping randomly (stuck).
   451 | D:2      | 451 ||| Stepping randomly (stuck).
   452 | D:2      | 452 ||| Stepping randomly (stuck).
   453 | D:2      | 453 ||| Stepping randomly (stuck).
   454 | D:2      | 454 ||| Stepping randomly (stuck).
   455 | D:2      | 455 ||| Stepping randomly (stuck).
   456 | D:2      | 456 ||| Stepping randomly (stuck).
   457 | D:2      | 457 ||| Stepping randomly (stuck).
   458 | D:2      | 458 ||| Stepping randomly (stuck).
   459 | D:2      | 459 ||| Stepping randomly (stuck).
   460 | D:2      | 460 ||| Stepping randomly (stuck).
   461 | D:2      | 461 ||| Stepping randomly (stuck).
   462 | D:2      | 462 ||| Stepping randomly (stuck).
   463 | D:2      | 463 ||| Stepping randomly (stuck).
   464 | D:2      | 464 ||| Stepping randomly (stuck).
   465 | D:2      | 465 ||| Stepping randomly (stuck).
   466 | D:2      | 466 ||| Stepping randomly (stuck).
   467 | D:2      | 467 ||| Stepping randomly (stuck).
   468 | D:2      | 468 ||| Stepping randomly (stuck).
   469 | D:2      | 469 ||| Stepping randomly (stuck).
   470 | D:2      | 470 ||| Stepping randomly (stuck).
   471 | D:2      | 471 ||| Stepping randomly (stuck).
   472 | D:2      | 472 ||| Stepping randomly (stuck).
   473 | D:2      | 473 ||| Stepping randomly (stuck).
   474 | D:2      | 474 ||| Stepping randomly (stuck).
   475 | D:2      | 475 ||| Stepping randomly (stuck).
   476 | D:2      | 476 ||| Stepping randomly (stuck).
   477 | D:2      | 477 ||| Stepping randomly (stuck).
   478 | D:2      | 478 ||| Stepping randomly (stuck).
   479 | D:2      | 479 ||| Stepping randomly (stuck).
   480 | D:2      | 480 ||| Stepping randomly (stuck).
   481 | D:2      | 481 ||| Stepping randomly (stuck).
   482 | D:2      | 482 ||| Stepping randomly (stuck).
   483 | D:2      | 483 ||| Stepping randomly (stuck).
   484 | D:2      | 484 ||| Stepping randomly (stuck).
   485 | D:2      | 485 ||| Stepping randomly (stuck).
   486 | D:2      | 486 ||| Stepping randomly (stuck).
   487 | D:2      | 487 ||| Stepping randomly (stuck).
   488 | D:2      | 488 ||| Stepping randomly (stuck).
   489 | D:2      | 489 ||| Stepping randomly (stuck).
   490 | D:2      | 490 ||| Stepping randomly (stuck).
   491 | D:2      | 491 ||| Stepping randomly (stuck).
   492 | D:2      | 492 ||| Stepping randomly (stuck).
   493 | D:2      | 493 ||| Stepping randomly (stuck).
   494 | D:2      | 494 ||| Stepping randomly (stuck).
   495 | D:2      | 495 ||| Stepping randomly (stuck).
   496 | D:2      | 496 ||| Stepping randomly (stuck).
   497 | D:2      | 497 ||| Stepping randomly (stuck).
   498 | D:2      | 498 ||| Stepping randomly (stuck).
   499 | D:2      | 499 ||| Stepping randomly (stuck).
   500 | D:2      | 500 ||| Stepping randomly (stuck).
   501 | D:2      | 501 ||| Stepping randomly (stuck).
   502 | D:2      | 502 ||| Stepping randomly (stuck).
   503 | D:2      | 503 ||| Stepping randomly (stuck).
   504 | D:2      | 504 ||| Stepping randomly (stuck).
   505 | D:2      | 505 ||| Stepping randomly (stuck).
   506 | D:2      | 506 ||| Stepping randomly (stuck).
   507 | D:2      | 507 ||| Stepping randomly (stuck).
   508 | D:2      | 508 ||| Stepping randomly (stuck).
   509 | D:2      | 509 ||| Stepping randomly (stuck).
   510 | D:2      | 510 ||| Stepping randomly (stuck).
   511 | D:2      | 511 ||| Stepping randomly (stuck).
   512 | D:2      | 512 ||| Stepping randomly (stuck).
   513 | D:2      | 513 ||| Stepping randomly (stuck).
   514 | D:2      | 514 ||| Stepping randomly (stuck).
   515 | D:2      | 515 ||| Stepping randomly (stuck).
   516 | D:2      | 516 ||| Stepping randomly (stuck).
   517 | D:2      | 517 ||| Stepping randomly (stuck).
   518 | D:2      | 518 ||| Stepping randomly (stuck).
   519 | D:2      | 519 ||| Stepping randomly (stuck).
   520 | D:2      | 520 ||| Stepping randomly (stuck).
   521 | D:2      | 521 ||| Stepping randomly (stuck).
   522 | D:2      | 522 ||| Stepping randomly (stuck).
   523 | D:2      | 523 ||| Stepping randomly (stuck).
   524 | D:2      | 524 ||| Stepping randomly (stuck).
   525 | D:2      | 525 ||| Stepping randomly (stuck).
   526 | D:2      | 526 ||| Stepping randomly (stuck).
   527 | D:2      | 527 ||| Stepping randomly (stuck).
   528 | D:2      | 528 ||| Stepping randomly (stuck).
   529 | D:2      | 529 ||| Stepping randomly (stuck).
   530 | D:2      | 530 ||| Stepping randomly (stuck).
   531 | D:2      | 531 ||| Stepping randomly (stuck).
   532 | D:2      | 532 ||| Stepping randomly (stuck).
   533 | D:2      | 533 ||| Stepping randomly (stuck).
   534 | D:2      | 534 ||| Stepping randomly (stuck).
   535 | D:2      | 535 ||| Stepping randomly (stuck).
   536 | D:2      | 536 ||| Stepping randomly (stuck).
   537 | D:2      | 537 ||| Stepping randomly (stuck).
   538 | D:2      | 538 ||| Stepping randomly (stuck).
   539 | D:2      | 539 ||| Stepping randomly (stuck).
   540 | D:2      | 540 ||| Stepping randomly (stuck).
   541 | D:2      | 541 ||| Stepping randomly (stuck).
   542 | D:2      | 542 ||| Stepping randomly (stuck).
   543 | D:2      | 543 ||| Stepping randomly (stuck).
   544 | D:2      | 544 ||| Stepping randomly (stuck).
   545 | D:2      | 545 ||| Stepping randomly (stuck).
   546 | D:2      | 546 ||| Stepping randomly (stuck).
   547 | D:2      | 547 ||| Stepping randomly (stuck).
   548 | D:2      | 548 ||| Stepping randomly (stuck).
   549 | D:2      | 549 ||| Stepping randomly (stuck).
   550 | D:2      | 550 ||| Stepping randomly (stuck).
   551 | D:2      | 551 ||| Stepping randomly (stuck).
   552 | D:2      | 552 ||| Stepping randomly (stuck).
   553 | D:2      | 553 ||| Stepping randomly (stuck).
   554 | D:2      | 554 ||| Stepping randomly (stuck).
   555 | D:2      | 555 ||| Stepping randomly (stuck).
   556 | D:2      | 556 ||| Stepping randomly (stuck).
   557 | D:2      | 557 ||| Stepping randomly (stuck).
   558 | D:2      | 558 ||| Stepping randomly (stuck).
   559 | D:2      | 559 ||| Stepping randomly (stuck).
   560 | D:2      | 560 ||| Stepping randomly (stuck).
   561 | D:2      | 561 ||| Stepping randomly (stuck).
   562 | D:2      | 562 ||| Stepping randomly (stuck).
   563 | D:2      | 563 ||| Stepping randomly (stuck).
   564 | D:2      | 564 ||| Stepping randomly (stuck).
   565 | D:2      | 565 ||| Stepping randomly (stuck).
   566 | D:2      | 566 ||| Stepping randomly (stuck).
   567 | D:2      | 567 ||| Stepping randomly (stuck).
   568 | D:2      | 568 ||| Stepping randomly (stuck).
   569 | D:2      | 569 ||| Stepping randomly (stuck).
   570 | D:2      | 570 ||| Stepping randomly (stuck).
   571 | D:2      | 571 ||| Stepping randomly (stuck).
   572 | D:2      | 572 ||| Stepping randomly (stuck).
   573 | D:2      | 573 ||| Stepping randomly (stuck).
   574 | D:2      | 574 ||| Stepping randomly (stuck).
   575 | D:2      | 575 ||| Stepping randomly (stuck).
   576 | D:2      | 576 ||| Stepping randomly (stuck).
   577 | D:2      | 577 ||| Stepping randomly (stuck).
   578 | D:2      | 578 ||| Stepping randomly (stuck).
   579 | D:2      | 579 ||| Stepping randomly (stuck).
   580 | D:2      | 580 ||| Stepping randomly (stuck).
   581 | D:2      | 581 ||| Stepping randomly (stuck).
   582 | D:2      | 582 ||| Stepping randomly (stuck).
   583 | D:2      | 583 ||| Stepping randomly (stuck).
   584 | D:2      | 584 ||| Stepping randomly (stuck).
   585 | D:2      | 585 ||| Stepping randomly (stuck).
   586 | D:2      | 586 ||| Stepping randomly (stuck).
   587 | D:2      | 587 ||| Stepping randomly (stuck).
   588 | D:2      | 588 ||| Stepping randomly (stuck).
   589 | D:2      | 589 ||| Stepping randomly (stuck).
   590 | D:2      | 590 ||| Stepping randomly (stuck).
   591 | D:2      | 591 ||| Stepping randomly (stuck).
   592 | D:2      | 592 ||| Stepping randomly (stuck).
   593 | D:2      | 593 ||| Stepping randomly (stuck).
   594 | D:2      | 594 ||| Stepping randomly (stuck).
   595 | D:2      | 595 ||| Stepping randomly (stuck).
   596 | D:2      | 596 ||| Stepping randomly (stuck).
   597 | D:2      | 597 ||| Stepping randomly (stuck).
   598 | D:2      | 598 ||| Stepping randomly (stuck).
   599 | D:2      | 599 ||| Stepping randomly (stuck).
   600 | D:2      | 600 ||| Stepping randomly (stuck).
   601 | D:2      | 601 ||| Stepping randomly (stuck).
   602 | D:2      | 602 ||| Stepping randomly (stuck).
   603 | D:2      | 603 ||| Stepping randomly (stuck).
   604 | D:2      | 604 ||| Stepping randomly (stuck).
   605 | D:2      | 605 ||| Stepping randomly (stuck).
   606 | D:2      | 606 ||| Stepping randomly (stuck).
   607 | D:2      | 607 ||| Stepping randomly (stuck).
   608 | D:2      | 608 ||| Stepping randomly (stuck).
   609 | D:2      | 609 ||| Stepping randomly (stuck).
   610 | D:2      | 610 ||| Stepping randomly (stuck).
   611 | D:2      | 611 ||| Stepping randomly (stuck).
   612 | D:2      | 612 ||| Stepping randomly (stuck).
   613 | D:2      | 613 ||| Stepping randomly (stuck).
   614 | D:2      | 614 ||| Stepping randomly (stuck).
   615 | D:2      | 615 ||| Stepping randomly (stuck).
   616 | D:2      | 616 ||| Stepping randomly (stuck).
   617 | D:2      | 617 ||| Stepping randomly (stuck).
   618 | D:2      | 618 ||| Stepping randomly (stuck).
   619 | D:2      | 619 ||| Stepping randomly (stuck).
   620 | D:2      | 620 ||| Stepping randomly (stuck).
   621 | D:2      | 621 ||| Stepping randomly (stuck).
   622 | D:2      | 622 ||| Stepping randomly (stuck).
   623 | D:2      | 623 ||| Stepping randomly (stuck).
   624 | D:2      | 624 ||| Stepping randomly (stuck).
   625 | D:2      | 625 ||| Stepping randomly (stuck).
   626 | D:2      | 626 ||| Stepping randomly (stuck).
   627 | D:2      | 627 ||| Stepping randomly (stuck).
   628 | D:2      | 628 ||| Stepping randomly (stuck).
   629 | D:2      | 629 ||| Stepping randomly (stuck).
   630 | D:2      | 630 ||| Stepping randomly (stuck).
   631 | D:2      | 631 ||| Stepping randomly (stuck).
   632 | D:2      | 632 ||| Stepping randomly (stuck).
   633 | D:2      | 633 ||| Stepping randomly (stuck).
   634 | D:2      | 634 ||| Stepping randomly (stuck).
   635 | D:2      | 635 ||| Stepping randomly (stuck).
   636 | D:2      | 636 ||| Stepping randomly (stuck).
   637 | D:2      | 637 ||| Stepping randomly (stuck).
   638 | D:2      | 638 ||| Stepping randomly (stuck).
   639 | D:2      | 639 ||| Stepping randomly (stuck).
   640 | D:2      | 640 ||| Stepping randomly (stuck).
   641 | D:2      | 641 ||| Stepping randomly (stuck).
   642 | D:2      | 642 ||| Stepping randomly (stuck).
   643 | D:2      | 643 ||| Stepping randomly (stuck).
   644 | D:2      | 644 ||| Stepping randomly (stuck).
   645 | D:2      | 645 ||| Stepping randomly (stuck).
   646 | D:2      | 646 ||| Stepping randomly (stuck).
   647 | D:2      | 647 ||| Stepping randomly (stuck).
   648 | D:2      | 648 ||| Stepping randomly (stuck).
   649 | D:2      | 649 ||| Stepping randomly (stuck).
   650 | D:2      | 650 ||| Stepping randomly (stuck).
   651 | D:2      | 651 ||| Stepping randomly (stuck).
   652 | D:2      | 652 ||| Stepping randomly (stuck).
   653 | D:2      | 653 ||| Stepping randomly (stuck).
   654 | D:2      | 654 ||| Stepping randomly (stuck).
   655 | D:2      | 655 ||| Stepping randomly (stuck).
   656 | D:2      | 656 ||| Stepping randomly (stuck).
   657 | D:2      | 657 ||| Stepping randomly (stuck).
   658 | D:2      | 658 ||| Stepping randomly (stuck).
   659 | D:2      | 659 ||| Stepping randomly (stuck).
   660 | D:2      | 660 ||| Stepping randomly (stuck).
   661 | D:2      | 661 ||| Stepping randomly (stuck).
   662 | D:2      | 662 ||| Stepping randomly (stuck).
   663 | D:2      | 663 ||| Stepping randomly (stuck).
   664 | D:2      | 664 ||| Stepping randomly (stuck).
   665 | D:2      | 665 ||| Stepping randomly (stuck).
   666 | D:2      | 666 ||| Stepping randomly (stuck).
   667 | D:2      | 667 ||| Stepping randomly (stuck).
   668 | D:2      | 668 ||| Stepping randomly (stuck).
   669 | D:2      | 669 ||| Stepping randomly (stuck).
   670 | D:2      | 670 ||| Stepping randomly (stuck).
   671 | D:2      | 671 ||| Stepping randomly (stuck).
   672 | D:2      | 672 ||| Stepping randomly (stuck).
   673 | D:2      | 673 ||| Stepping randomly (stuck).
   674 | D:2      | 674 ||| Stepping randomly (stuck).
   675 | D:2      | 675 ||| Stepping randomly (stuck).
   676 | D:2      | 676 ||| Stepping randomly (stuck).
   677 | D:2      | 677 ||| Stepping randomly (stuck).
   678 | D:2      | 678 ||| Stepping randomly (stuck).
   679 | D:2      | 679 ||| Stepping randomly (stuck).
   680 | D:2      | 680 ||| Stepping randomly (stuck).
   681 | D:2      | 681 ||| Stepping randomly (stuck).
   682 | D:2      | 682 ||| Stepping randomly (stuck).
   683 | D:2      | 683 ||| Stepping randomly (stuck).
   684 | D:2      | 684 ||| Stepping randomly (stuck).
   685 | D:2      | 685 ||| Stepping randomly (stuck).
   686 | D:2      | 686 ||| Stepping randomly (stuck).
   687 | D:2      | 687 ||| Stepping randomly (stuck).
   688 | D:2      | 688 ||| Stepping randomly (stuck).
   689 | D:2      | 689 ||| Stepping randomly (stuck).
   690 | D:2      | 690 ||| Stepping randomly (stuck).
   691 | D:2      | 691 ||| Stepping randomly (stuck).
   692 | D:2      | 692 ||| Stepping randomly (stuck).
   693 | D:2      | 693 ||| Stepping randomly (stuck).
   694 | D:2      | 694 ||| Stepping randomly (stuck).
   695 | D:2      | 695 ||| Stepping randomly (stuck).
   696 | D:2      | 696 ||| Stepping randomly (stuck).
   697 | D:2      | 697 ||| Stepping randomly (stuck).
   698 | D:2      | 698 ||| Stepping randomly (stuck).
   699 | D:2      | 699 ||| Stepping randomly (stuck).
   700 | D:2      | 700 ||| Stepping randomly (stuck).
   701 | D:2      | 701 ||| Stepping randomly (stuck).
   702 | D:2      | 702 ||| Stepping randomly (stuck).
   703 | D:2      | 703 ||| Stepping randomly (stuck).
   704 | D:2      | 704 ||| Stepping randomly (stuck).
   705 | D:2      | 705 ||| Stepping randomly (stuck).
   706 | D:2      | 706 ||| Stepping randomly (stuck).
   707 | D:2      | 707 ||| Stepping randomly (stuck).
   708 | D:2      | 708 ||| Stepping randomly (stuck).
   709 | D:2      | 709 ||| Stepping randomly (stuck).
   710 | D:2      | 710 ||| Stepping randomly (stuck).
   711 | D:2      | 711 ||| Stepping randomly (stuck).
   712 | D:2      | 712 ||| Stepping randomly (stuck).
   713 | D:2      | 713 ||| Stepping randomly (stuck).
   714 | D:2      | 714 ||| Stepping randomly (stuck).
   715 | D:2      | 715 ||| Stepping randomly (stuck).
   717 | D:2      | Reached skill level 5 in Ranged Weapons
   717 | D:2      | 717 ||| Stepping randomly (stuck).
   718 | D:2      | 718 ||| Stepping randomly (stuck).
   719 | D:2      | 719 ||| Stepping randomly (stuck).
   720 | D:2      | 720 ||| Stepping randomly (stuck).
   721 | D:2      | 721 ||| Stepping randomly (stuck).
   722 | D:2      | 722 ||| Stepping randomly (stuck).
   723 | D:2      | 723 ||| Stepping randomly (stuck).
   724 | D:2      | 724 ||| Stepping randomly (stuck).
   725 | D:2      | 725 ||| Stepping randomly (stuck).
   726 | D:2      | 726 ||| Stepping randomly (stuck).
   727 | D:2      | 727 ||| Stepping randomly (stuck).
   728 | D:2      | 728 ||| Stepping randomly (stuck).
   729 | D:2      | 729 ||| Stepping randomly (stuck).
   730 | D:2      | 730 ||| Stepping randomly (stuck).
   731 | D:2      | 731 ||| Stepping randomly (stuck).
   732 | D:2      | 732 ||| Stepping randomly (stuck).
   733 | D:2      | 733 ||| Stepping randomly (stuck).
   734 | D:2      | 734 ||| Stepping randomly (stuck).
   735 | D:2      | 735 ||| Stepping randomly (stuck).
   736 | D:2      | 736 ||| Stepping randomly (stuck).
   737 | D:2      | 737 ||| Stepping randomly (stuck).
   738 | D:2      | 738 ||| Stepping randomly (stuck).
   739 | D:2      | 739 ||| Stepping randomly (stuck).
   740 | D:2      | 740 ||| Stepping randomly (stuck).
   741 | D:2      | 741 ||| Stepping randomly (stuck).
   742 | D:2      | 742 ||| Stepping randomly (stuck).
   743 | D:2      | 743 ||| Stepping randomly (stuck).
   744 | D:2      | 744 ||| Stepping randomly (stuck).
   745 | D:2      | 745 ||| Stepping randomly (stuck).
   746 | D:2      | 746 ||| Stepping randomly (stuck).
   747 | D:2      | 747 ||| Stepping randomly (stuck).
   748 | D:2      | 748 ||| Stepping randomly (stuck).
   749 | D:2      | 749 ||| Stepping randomly (stuck).
   750 | D:2      | 750 ||| Stepping randomly (stuck).
   751 | D:2      | 751 ||| Stepping randomly (stuck).
   752 | D:2      | 752 ||| Stepping randomly (stuck).
   753 | D:2      | 753 ||| Stepping randomly (stuck).
   754 | D:2      | 754 ||| Stepping randomly (stuck).
   755 | D:2      | 755 ||| Stepping randomly (stuck).
   756 | D:2      | 756 ||| Stepping randomly (stuck).
   757 | D:2      | 757 ||| Stepping randomly (stuck).
   758 | D:2      | 758 ||| Stepping randomly (stuck).
   759 | D:2      | 759 ||| Stepping randomly (stuck).
   760 | D:2      | 760 ||| Stepping randomly (stuck).
   761 | D:2      | 761 ||| Stepping randomly (stuck).
   762 | D:2      | 762 ||| Stepping randomly (stuck).
   763 | D:2      | 763 ||| Stepping randomly (stuck).
   764 | D:2      | 764 ||| Stepping randomly (stuck).
   765 | D:2      | 765 ||| Stepping randomly (stuck).
   766 | D:2      | 766 ||| Stepping randomly (stuck).
   767 | D:2      | 767 ||| Stepping randomly (stuck).
   768 | D:2      | 768 ||| Stepping randomly (stuck).
   769 | D:2      | 769 ||| Stepping randomly (stuck).
   770 | D:2      | 770 ||| Stepping randomly (stuck).
   771 | D:2      | 771 ||| Stepping randomly (stuck).
   772 | D:2      | 772 ||| Stepping randomly (stuck).
   773 | D:2      | 773 ||| Stepping randomly (stuck).
   774 | D:2      | 774 ||| Stepping randomly (stuck).
   775 | D:2      | 775 ||| Stepping randomly (stuck).
   776 | D:2      | 776 ||| Stepping randomly (stuck).
   777 | D:2      | 777 ||| Stepping randomly (stuck).
   778 | D:2      | 778 ||| Stepping randomly (stuck).
   779 | D:2      | 779 ||| Stepping randomly (stuck).
   780 | D:2      | 780 ||| Stepping randomly (stuck).
   781 | D:2      | 781 ||| Stepping randomly (stuck).
   782 | D:2      | 782 ||| Stepping randomly (stuck).
   783 | D:2      | 783 ||| Stepping randomly (stuck).
   784 | D:2      | 784 ||| Stepping randomly (stuck).
   785 | D:2      | 785 ||| Stepping randomly (stuck).
   786 | D:2      | 786 ||| Stepping randomly (stuck).
   787 | D:2      | 787 ||| Stepping randomly (stuck).
   788 | D:2      | 788 ||| Stepping randomly (stuck).
   789 | D:2      | 789 ||| Stepping randomly (stuck).
   790 | D:2      | 790 ||| Stepping randomly (stuck).
   791 | D:2      | 791 ||| Stepping randomly (stuck).
   792 | D:2      | 792 ||| Stepping randomly (stuck).
   793 | D:2      | 793 ||| Stepping randomly (stuck).
   794 | D:2      | 794 ||| Stepping randomly (stuck).
   795 | D:2      | 795 ||| Stepping randomly (stuck).
   796 | D:2      | 796 ||| Stepping randomly (stuck).
   797 | D:2      | 797 ||| Stepping randomly (stuck).
   798 | D:2      | 798 ||| Stepping randomly (stuck).
   799 | D:2      | 799 ||| Stepping randomly (stuck).
   800 | D:2      | 800 ||| Stepping randomly (stuck).
   801 | D:2      | 801 ||| Stepping randomly (stuck).
   802 | D:2      | 802 ||| Stepping randomly (stuck).
   803 | D:2      | 803 ||| Stepping randomly (stuck).
   804 | D:2      | 804 ||| Stepping randomly (stuck).
   805 | D:2      | 805 ||| Stepping randomly (stuck).
   806 | D:2      | 806 ||| Stepping randomly (stuck).
   807 | D:2      | 807 ||| Stepping randomly (stuck).
   808 | D:2      | 808 ||| Stepping randomly (stuck).
   809 | D:2      | 809 ||| Stepping randomly (stuck).
   810 | D:2      | 810 ||| Stepping randomly (stuck).
   811 | D:2      | 811 ||| Stepping randomly (stuck).
   812 | D:2      | 812 ||| Stepping randomly (stuck).
   813 | D:2      | 813 ||| Stepping randomly (stuck).
   814 | D:2      | 814 ||| Stepping randomly (stuck).
   815 | D:2      | 815 ||| Stepping randomly (stuck).
   816 | D:2      | 816 ||| Stepping randomly (stuck).
   817 | D:2      | 817 ||| Stepping randomly (stuck).
   818 | D:2      | 818 ||| Stepping randomly (stuck).
   819 | D:2      | 819 ||| Stepping randomly (stuck).
   820 | D:2      | 820 ||| Stepping randomly (stuck).
   821 | D:2      | 821 ||| Stepping randomly (stuck).
   822 | D:2      | 822 ||| Stepping randomly (stuck).
   823 | D:2      | 823 ||| Stepping randomly (stuck).
   824 | D:2      | 824 ||| Stepping randomly (stuck).
   825 | D:2      | 825 ||| Stepping randomly (stuck).
   826 | D:2      | 826 ||| Stepping randomly (stuck).
   827 | D:2      | 827 ||| Stepping randomly (stuck).
   828 | D:2      | 828 ||| Stepping randomly (stuck).
   829 | D:2      | 829 ||| Stepping randomly (stuck).
   830 | D:2      | 830 ||| Stepping randomly (stuck).
   831 | D:2      | 831 ||| Stepping randomly (stuck).
   832 | D:2      | 832 ||| Stepping randomly (stuck).
   833 | D:2      | 833 ||| Stepping randomly (stuck).
   834 | D:2      | 834 ||| Stepping randomly (stuck).
   835 | D:2      | 835 ||| Stepping randomly (stuck).
   836 | D:2      | 836 ||| Stepping randomly (stuck).
   837 | D:2      | 837 ||| Stepping randomly (stuck).
   838 | D:2      | 838 ||| Stepping randomly (stuck).
   839 | D:2      | 839 ||| Stepping randomly (stuck).
   840 | D:2      | 840 ||| Stepping randomly (stuck).
   841 | D:2      | 841 ||| Stepping randomly (stuck).
   842 | D:2      | 842 ||| Stepping randomly (stuck).
   843 | D:2      | 843 ||| Stepping randomly (stuck).
   844 | D:2      | 844 ||| Stepping randomly (stuck).
   845 | D:2      | 845 ||| Stepping randomly (stuck).
   846 | D:2      | 846 ||| Stepping randomly (stuck).
   847 | D:2      | 847 ||| Stepping randomly (stuck).
   848 | D:2      | 848 ||| Stepping randomly (stuck).
   849 | D:2      | 849 ||| Stepping randomly (stuck).
   850 | D:2      | 850 ||| Stepping randomly (stuck).
   851 | D:2      | 851 ||| Stepping randomly (stuck).
   852 | D:2      | 852 ||| Stepping randomly (stuck).
   853 | D:2      | 853 ||| Stepping randomly (stuck).
   853 | D:2      | Found an iron altar of Okawaru.
   854 | D:2      | 854 ||| PLANNING OKAWARU WORSHIP
   865 | D:2      | Became a worshipper of Warmaster Okawaru
   865 | D:2      | 865 ||| PLANNING D:1-11
  1049 | D:2      | 1049 ||| UPGRADING to +0 ring mail.
  1059 | D:2      | 1059 ||| DROPPING +0 leather armour.
  1060 | D:2      | 1060 ||| READING 2 scrolls of identify.
  1060 | D:2      | 1060 ||| IDENTIFYING fuming green potion
  1061 | D:2      | 1061 ||| DROPPING potion of ambrosia.
  1155 | D:1      | Reached skill level 1 in Armour
  1251 | D:1      | Reached skill level 3 in Fighting
  1311 | D:1      | Reached XP level 3. HP: 31/31 MP: 2/2
  1631 | D:1      | 1631 ||| UPGRADING to amulet of faith.
  1897 | D:3      | Found a blossoming altar of Fedhas.
  1917 | D:3      | Found an iron altar of Okawaru.
  2141 | D:3      | Reached XP level 4. HP: 34/38 MP: 3/3
  2265 | D:3      | 2265 ||| UPGRADING to +6 ring of dexterity.
  2266 | D:3      | 2266 ||| READING scroll labelled QAUVVA VEAPUC.
  2267 | D:3      | 2267 ||| READING scroll labelled SIFIXI EWYM.
  2268 | D:3      | 2268 ||| READING scroll labelled NAADDA VIR.
  2269 | D:3      | 2269 ||| READING 2 scrolls of identify.
  2269 | D:3      | 2269 ||| IDENTIFYING fizzy blue potion
  2297 | D:4      | Noticed a scorpion
  2304 | D:4      | Killed a scorpion
  2304 | D:4      | Reached * piety under Okawaru
  2305 | D:4      | Reached skill level 6 in Ranged Weapons
  2369 | D:4      | Reached XP level 5. HP: 45/45 MP: 4/4
  2461 | D:4      | Noticed Eustachio
  2462 | D:4      | 2462 ||| INVOKING Heroism.
  2496 | D:4      | Killed Eustachio
  2497 | D:4      | Reached XP level 6. HP: 25/56 MP: 5/5
  2994 | D:4      | 2994 ||| READING 2 scrolls labelled JOESMEBUIL.
  2995 | D:4      | 2995 ||| READING scroll labelled BIWKASAOKOF.
  2996 | D:4      | 2996 ||| READING scroll labelled NOTUSS WUVAT.
  2997 | D:4      | 2997 ||| READING 2 scrolls of identify.
  2997 | D:4      | 2997 ||| IDENTIFYING glowing puce potion
  2998 | D:4      | 2998 ||| DROPPING scroll of amnesia.
  2999 | D:4      | 2999 ||| DROPPING potion of degeneration.
  3015 | D:5      | Entered Level 5 of the Dungeon
  3034 | D:5      | 3034 ||| INVOKING Heroism.
  3045 | D:5      | Reached skill level 1 in Invocations
  3047 | D:5      | Reached skill level 7 in Ranged Weapons
  3147 | D:5      | Found a runed translucent gate.
  3148 | D:5      | Found a runed translucent gate.
  3149 | D:5      | Found a runed translucent gate.
  3160 | D:5      | Noticed qw's ghost (novice MiHu)
  3160 | D:5      | Noticed qw's ghost (novice MiHu)
  3160 | D:5      | Noticed qw's ghost (amateur GrFi)
  3226 | D:5      | 3226 ||| FLEEEEING.
  3227 | D:5      | 3227 ||| FLEEEEING.
  3228 | D:5      | 3228 ||| FLEEEEING.
  3229 | D:5      | 3229 ||| FLEEEEING.
  3230 | D:5      | 3230 ||| FLEEEEING.
  3231 | D:5      | 3231 ||| FLEEEEING.
  3232 | D:5      | 3232 ||| FLEEEEING.
  3233 | D:5      | 3233 ||| FLEEEEING.
  3234 | D:5      | 3234 ||| FLEEEEING.
  3235 | D:5      | 3235 ||| FLEEEEING.
  3236 | D:5      | 3236 ||| FLEEEEING.
  3237 | D:5      | 3237 ||| FLEEEEING.
  3239 | D:5      | 3239 ||| FLEEEEING.
  3250 | D:5      | 3250 ||| INVOKING Heroism.
  3252 | D:5      | Reached skill level 3 in Dodging
  3252 | D:5      | Reached XP level 7. HP: 42/61 MP: 4/8
  3384 | D:5      | Reached skill level 3 in Invocations
  3585 | D:5      | Found a staircase to the Ecumenical Temple.
  3652 | D:5      | Found a sacrificial altar of Ru.
  3695 | D:5      | Reached ** piety under Okawaru
  3799 | D:5      | 3799 ||| INVOKING Heroism.
  3959 | D:5      | 3959 ||| READING 2 scrolls labelled ANTALE WITH.
  3960 | D:5      | 3960 ||| DRINKING 2 metallic black potions.
  3961 | D:5      | 3961 ||| DRINKING 2 puce potions.
  3961 | D:5      | Gained mutation: You are strong-willed. (Will+) [potion of
                  | mutation]
  3961 | D:5      | Gained mutation: You have hidden genetic defects. [potion
                  | of mutation]
  3961 | D:5      | Gained mutation: You are frail. (-10% HP) [potion of
                  | mutation]
  3961 | D:5      | Gained mutation: You expend magic power (3 MP) to
                  | strengthen your wands. [potion of mutation]
  3962 | D:5      | 3962 ||| DRINKING potion of mutation.
  3962 | D:5      | Lost mutation: You are frail. (-10% HP) [potion of
                  | mutation]
  3962 | D:5      | Lost mutation: You have hidden genetic defects. [potion of
                  | mutation]
  3962 | D:5      | Gained mutation: You are weak. (Str -2) [potion of
                  | mutation]
  3962 | D:5      | Gained mutation: You have hidden genetic defects. [potion
                  | of mutation]
  3962 | D:5      | Lost mutation: You have hidden genetic defects. [potion of
                  | mutation]
  4056 | D:6      | 4056 ||| INVOKING Heroism.
  4173 | D:6      | Reached skill level 8 in Ranged Weapons
  4230 | D:6      | Reached XP level 8. HP: 68/68 MP: 10/10
  4339 | D:6      | Noticed Sigmund
  4340 | D:6      | 4340 ||| INVOKING Heroism.
  4348 | D:6      | Killed Sigmund
  4349 | D:6      | Reached skill level 9 in Ranged Weapons
  4701 | D:6      | 4701 ||| DROPPING ring of flight.
  4702 | D:6      | 4702 ||| READING 3 scrolls of identify.
  4702 | D:6      | 4702 ||| IDENTIFYING bubbling inky potion
  4703 | D:6      | 4703 ||| READING 2 scrolls of identify.
  4703 | D:6      | 4703 ||| IDENTIFYING purple potion
  4704 | D:6      | 4704 ||| DROPPING potion of enlightenment.
  4725 | D:7      | Reached skill level 6 in Fighting
  4952 | D:7      | 4952 ||| INVOKING Heroism.
  4968 | D:7      | Reached skill level 10 in Ranged Weapons
  5129 | D:7      | 5129 ||| INVOKING Heroism.
  5133 | D:7      | HP: 14/71 [killer bee (7)]
  5134 | D:7      | 5134 ||| READING 5 scrolls of teleportation.
  5135 | D:7      | 5135 ||| DRINKING potion of heal wounds.
  5140 | D:7      | HP: 17/71 [poisoned by a killer bee]
  5145 | D:7      | HP: 13/71 [poisoned by a killer bee]
  5154 | D:7      | 5154 ||| INVOKING Heroism.
  5156 | D:7      | Reached XP level 9. HP: 17/79 MP: 8/11
  5162 | D:7      | 5162 ||| READING 4 scrolls of teleportation.
  5187 | D:7      | 5187 ||| INVOKING Heroism.
  5613 | D:7      | Reached *** piety under Okawaru
  5680 | D:7      | Found a sparkling altar of Nemelex Xobeh.
  5818 | D:7      | 5818 ||| READING 2 scrolls of identify.
  5818 | D:7      | 5818 ||| IDENTIFYING fizzy sapphire potion
  5819 | D:7      | 5819 ||| DROPPING potion of berserk rage.
  5876 | D:8      | 5876 ||| Stepping ~*~*~tactically~*~*~ (outnumbered).
  5877 | D:8      | 5877 ||| Stepping ~*~*~tactically~*~*~ (outnumbered).
  5970 | D:8      | Reached skill level 11 in Ranged Weapons
  6056 | D:8      | 6056 ||| INVOKING Heroism.
  6115 | D:8      | 6115 ||| SWAPPING to +0 orcbow.
  6116 | D:8      | 6116 ||| DROPPING +0 shortbow.
  6191 | D:8      | 6191 ||| INVOKING Heroism.
  6483 | D:8      | Reached skill level 12 in Ranged Weapons
  6557 | D:8      | 6557 ||| UPGRADING to +0 cloak.
  6562 | D:8      | 6562 ||| READING 2 scrolls of enchant armour.
  6562 | D:8      | 6562 ||| ENCHANTING +0 cloak.
  6563 | D:8      | 6563 ||| READING scroll of enchant armour.
  6563 | D:8      | 6563 ||| ENCHANTING +1 cloak.
  6564 | D:8      | 6564 ||| DRINKING 2 fuming golden potions.
  6619 | D:9      | 6619 ||| INVOKING Heroism.
  6624 | D:9      | Reached skill level 3 in Armour
  6624 | D:9      | 6624 ||| Stepping ~*~*~tactically~*~*~ (outnumbered).
  6672 | D:9      | Reached **** piety under Okawaru
  6744 | D:9      | Reached skill level 6 in Dodging
  6744 | D:9      | Reached XP level 10. HP: 74/88 MP: 12/12
  6983 | D:9      | Noticed a two-headed ogre
  6984 | D:9      | 6984 ||| INVOKING Heroism.
  6996 | D:9      | Killed a two-headed ogre
  6996 | D:9      | Reached ***** piety under Okawaru
  7530 | D:9      | 7530 ||| INVOKING Heroism.
  7614 | D:9      | 7614 ||| READING scroll labelled FIHIL IGIFUTUR.
  7615 | D:9      | 7615 ||| READING scroll labelled BIH LUB ZI GID.
  7616 | D:9      | 7616 ||| READING scroll labelled MEIRUE SOSIRGHIUXU.
  7617 | D:9      | 7617 ||| READING 4 scrolls of identify.
  7617 | D:9      | 7617 ||| IDENTIFYING clear potion
  7618 | D:9      | 7618 ||| READING 3 scrolls of identify.
  7618 | D:9      | 7618 ||| IDENTIFYING viscous golden potion
  7619 | D:9      | 7619 ||| DROPPING potion of lignification.
  7630 | D:10     | Entered Level 10 of the Dungeon
  7631 | D:10     | 7631 ||| STAIRDANCE
  7746 | D:10     | Noticed Maggie
  7750 | D:10     | Killed Maggie
  7751 | D:10     | Reached skill level 6 in Invocations
  7918 | D:10     | Reached skill level 13 in Ranged Weapons
  7957 | D:10     | Received a gift from Okawaru
  7965 | D:10     | 7965 ||| INVOKING Heroism.
  7968 | D:10     | 7968 ||| Stepping ~*~*~tactically~*~*~ (cloud).
  7969 | D:10     | 7969 ||| Stepping ~*~*~tactically~*~*~ (cloud).
  8037 | D:10     | Noticed Psyche
  8038 | D:10     | 8038 ||| INVOKING Heroism.
  8042 | D:10     | Killed Psyche
  8097 | D:10     | Noticed a brown ugly thing
  8108 | D:10     | 8108 ||| INVOKING Heroism.
  8111 | D:10     | HP: 17/90 [brown ugly thing (11)]
  8112 | D:10     | 8112 ||| READING 3 scrolls of teleportation.
  8113 | D:10     | 8113 ||| DRINKING potion of heal wounds.
  8114 | D:10     | Killed a brown ugly thing
  8292 | D:10     | Found a staircase to the Orcish Mines.
  8413 | D:10     | Paralysed by a hornet for 1 turns
  8416 | D:10     | Reached skill level 9 in Fighting
  8500 | D:10     | 8500 ||| INVOKING Heroism.
  8579 | D:10     | 8579 ||| INVOKING Heroism.
  8858 | D:10     | 8858 ||| Stepping ~*~*~tactically~*~*~ (water).
  8882 | D:10     | 8882 ||| UPGRADING to +2 steam dragon scales.
  8892 | D:10     | 8892 ||| DROPPING +0 ring mail.
  8893 | D:10     | 8893 ||| UPGRADING to +0 pair of gloves of infusion.
  9078 | D:11     | Noticed an elephant
  9080 | D:11     | Reached XP level 11. HP: 97/97 MP: 16/16
  9096 | D:11     | 9096 ||| INVOKING Heroism.
  9189 | D:11     | Found a staircase to the Lair.
  9198 | D:11     | Noticed Josephine
  9211 | D:11     | Killed Josephine
  9426 | D:11     | 9426 ||| INVOKING Heroism.
  9531 | D:11     | Reached skill level 9 in Invocations
  9618 | D:11     | 9618 ||| INVOKING Heroism.
  9768 | D:11     | 9768 ||| PLANNING LAIR
  9804 | Lair:1   | Entered Level 1 of the Lair of Beasts
  9806 | Lair:1   | 9806 ||| FLEEEEING.
  9807 | Lair:1   | 9807 ||| STAIRDANCE
  9917 | Lair:1   | 9917 ||| STAIRDANCE
 10051 | Lair:1   | Noticed Nergalle
 10056 | Lair:1   | 10056 ||| INVOKING Heroism.
 10063 | Lair:1   | Killed Nergalle
 10279 | Lair:1   | 10279 ||| INVOKING Heroism.
 10438 | Lair:1   | Reached skill level 14 in Ranged Weapons
 10740 | Lair:1   | 10740 ||| READING scroll labelled QOUZAC ZYIDUOGG.
 10900 | Lair:2   | 10900 ||| INVOKING Heroism.
 10917 | Lair:2   | Identified the +5 bardiche "Hydraslayer" {freeze, Str+8}
 10918 | Lair:2   | Identified the +0 falchion of Rafaload {chaos, *Noise rN+
                  | Will+}
 11125 | Lair:2   | Found a staircase to the Swamp.
 11126 | Lair:2   | 11126 ||| INVOKING Heroism.
 11146 | Lair:2   | Reached XP level 12. HP: 51/106 MP: 18/18
 11371 | Lair:2   | Found a one-way gate to the infinite horrors of the Abyss.
 11527 | Lair:2   | Found a corrupted altar of Lugonu.
 12184 | Lair:2   | 12184 ||| DROPPING +6 ring of intelligence.
 12311 | Lair:3   | 12311 ||| INVOKING Heroism.
 12341 | Lair:3   | Reached skill level 9 in Dodging
 12444 | Lair:3   | Found a staircase to the Snake Pit.
 12446 | Lair:3   | 12446 ||| Stepping ~*~*~tactically~*~*~ (outnumbered).
 12451 | Lair:3   | Reached ****** piety under Okawaru
 12507 | Lair:3   | Noticed Kirke
 12508 | Lair:3   | 12508 ||| INVOKING Heroism.
 12509 | Lair:3   | 12509 ||| INVOKING Finesse.
 12541 | Lair:3   | 12541 ||| DRINKING 2 potions of cancellation.
 12545 | Lair:3   | Killed Kirke
 12546 | Lair:3   | Reached skill level 15 in Ranged Weapons
 13027 | Lair:4   | Noticed a four-headed hydra
 13028 | Lair:4   | 13028 ||| INVOKING Heroism.
 13035 | Lair:4   | Killed a four-headed hydra
 13049 | Lair:4   | Found a staircase to the Slime Pits.
 13089 | Lair:4   | 13089 ||| Stepping ~*~*~tactically~*~*~ (outnumbered).
 13100 | Lair:4   | Reached skill level 16 in Ranged Weapons
 13189 | Lair:4   | Identified the +7 hand crossbow "Ahun" {heavy, Fragile
                  | rElec Int+3 Dex+7} (Okawaru gifted it to you on level 4 of
                  | the Lair of Beasts)
 13189 | Lair:4   | Received a gift from Okawaru
 13426 | Lair:4   | Found a viscous altar of Jiyva.
 13494 | Lair:4   | 13494 ||| INVOKING Heroism.
 13500 | Lair:4   | HP: 26/110 [poisoned by a cane toad]
 13505 | Lair:4   | HP: 18/110 [poisoned by a cane toad]
 13510 | Lair:4   | HP: 15/110 [poisoned by a cane toad]
 13982 | Lair:4   | You fall into a shaft and drop 1 floor!
 13982 | Lair:5   | Entered Level 5 of the Lair of Beasts
 13988 | Lair:5   | 13988 ||| INVOKING Heroism.
 14038 | Lair:5   | Received a gift from Okawaru
 14041 | Lair:5   | Reached XP level 13. HP: 60/117 MP: 19/19
 14046 | Lair:5   | Reached skill level 12 in Fighting
 14055 | Lair:5   | Reached skill level 6 in Armour
 14257 | Lair:5   | 14257 ||| INVOKING Heroism.
 14335 | Lair:5   | 14335 ||| INVOKING Heroism.
 14407 | Lair:5   | 14407 ||| UPGRADING to +0 pair of boots.
 14412 | Lair:5   | 14412 ||| READING scroll labelled YTOMMU CO DITH.
 14598 | Lair:5   | 14598 ||| INVOKING Heroism.
 14637 | Lair:5   | 14637 ||| Stepping ~*~*~tactically~*~*~ (water).
 14691 | Lair:5   | Identified the +7 morningstar of Balance {speed, Fly rF-
                  | Int+5}
 14714 | Lair:5   | 14714 ||| INVOKING Heroism.
 14719 | Lair:5   | Received a gift from Okawaru
 14727 | Lair:5   | 14727 ||| SWAPPING to +2 longbow of electrocution.
 14729 | Lair:5   | 14729 ||| Stepping ~*~*~tactically~*~*~ (water).
 14770 | Lair:5   | 14770 ||| INVOKING Heroism.
 14821 | Lair:5   | 14821 ||| INVOKING Heroism.
 15131 | Lair:5   | 15131 ||| INVOKING Heroism.
 15256 | Lair:5   | 15256 ||| PLANNING D
 15256 | Lair:5   | 15256 ||| READING 9 scrolls of identify.
 15256 | Lair:5   | 15256 ||| IDENTIFYING golden potion
 15257 | Lair:5   | 15257 ||| DROPPING potion of attraction.
 15530 | D:12     | 15530 ||| INVOKING Heroism.
 15539 | D:12     | Reached skill level 17 in Ranged Weapons
 15562 | D:12     | Found a runed translucent gate.
 15562 | D:12     | Found a runed translucent gate.
 15562 | D:12     | Found a runed translucent gate.
 15563 | D:12     | Noticed Nissa's ghost (journeyman MiFi)
 15718 | D:12     | 15718 ||| DRINKING 11 potions of curing.
 15718 | D:12     | 15718 ||| (to cure confusion)
 15726 | D:12     | Received a gift from Okawaru
 15728 | D:12     | 15728 ||| DROPPING +1 arbalest of electrocution.
 15768 | D:12     | 15768 ||| INVOKING Heroism.
 15801 | D:12     | 15801 ||| READING scroll of enchant armour.
 15801 | D:12     | 15801 ||| ENCHANTING +2 steam dragon scales.
 15807 | D:12     | 15807 ||| INVOKING Finesse.
 15845 | D:12     | Identified the +2 hand axe of Destiny {freeze, Str+3 Int+2
                  | SInv}
 16118 | D:12     | Received a gift from Okawaru
 16119 | D:12     | Reached skill level 18 in Ranged Weapons
 16275 | D:12     | 16275 ||| UPGRADING to +2 pair of boots.
 16285 | D:12     | 16285 ||| DROPPING +0 pair of boots.
 16398 | D:13     | 16398 ||| INVOKING Heroism.
 16400 | D:13     | 16400 ||| INVOKING Finesse.
 16540 | D:13     | Reached XP level 14. HP: 103/127 MP: 20/20
 16770 | D:13     | Found a shadowy altar of Dithmenos.
 17273 | D:14     | Received a gift from Okawaru
 17282 | D:14     | 17282 ||| DROPPING +1 heavy hand crossbow.
 17306 | D:14     | 17306 ||| READING scroll of enchant armour.
 17306 | D:14     | 17306 ||| ENCHANTING +3 steam dragon scales.
 17481 | D:14     | Reached skill level 19 in Ranged Weapons
 17553 | D:14     | 17553 ||| INVOKING Heroism.
 17915 | D:14     | 17915 ||| INVOKING Heroism.
 17915 | D:14     | Noticed an ironbound preserver
 17917 | D:14     | 17917 ||| INVOKING Finesse.
 17922 | D:14     | Killed an ironbound preserver
 17963 | D:14     | Found a gate to the Vaults.
 17970 | D:14     | 17970 ||| Stepping ~*~*~tactically~*~*~ (outnumbered).
 17973 | D:14     | 17973 ||| Stepping ~*~*~tactically~*~*~ (outnumbered).
 17976 | D:14     | 17976 ||| Stepping ~*~*~tactically~*~*~ (outnumbered).
 17979 | D:14     | 17979 ||| INVOKING Heroism.
 17983 | D:14     | Received a gift from Okawaru
 17989 | D:14     | Reached skill level 12 in Dodging
 18001 | D:14     | 18001 ||| Stepping ~*~*~tactically~*~*~ (outnumbered).
 18007 | D:14     | 18007 ||| INVOKING Heroism.
 18119 | D:14     | 18119 ||| DROPPING +0 arbalest of freezing.
 18371 | D:14     | 18371 ||| READING scroll labelled FUASIE XOARUNN.
 18373 | D:14     | 18373 ||| Stepping ~*~*~tactically~*~*~ (cloud).
 18433 | D:15     | Entered Level 15 of the Dungeon
 18434 | D:15     | 18434 ||| INVOKING Heroism.
 18589 | D:15     | Found a portal to a secret trove of treasure.
 18713 | D:15     | 18713 ||| INVOKING Heroism.
 18714 | D:15     | 18714 ||| INVOKING Finesse.
 18717 | D:15     | 18717 ||| SWAPPING to +0 orcbow of flaming.
 18735 | D:15     | 18735 ||| SWAPPING to +2 longbow of electrocution.
 18869 | D:15     | Found a staircase to the Depths.
 18891 | D:15     | 18891 ||| Stepping ~*~*~tactically~*~*~ (outnumbered).
 18997 | D:15     | 18997 ||| READING scroll of enchant armour.
 18997 | D:15     | 18997 ||| ENCHANTING +4 steam dragon scales.
 19289 | D:15     | 19289 ||| PLANNING ORC
 19289 | D:15     | 19289 ||| DROPPING +1 leather armour of fire resistance.
 19442 | Orc:1    | Entered Level 1 of the Orcish Mines
 19604 | Orc:1    | Found a bloodstained altar of Trog.
 19683 | Orc:2    | Entered Level 2 of the Orcish Mines
 19739 | Orc:2    | 19739 ||| INVOKING Heroism.
 19744 | Orc:2    | Reached skill level 20 in Ranged Weapons
 19758 | Orc:2    | Found a staircase to the Elven Halls.
 19925 | Orc:1    | 19925 ||| INVOKING Heroism.
 19942 | Orc:1    | Noticed an orc warlord
 19943 | Orc:1    | 19943 ||| INVOKING Finesse.
 19963 | Orc:1    | Killed an orc warlord
 20003 | Orc:1    | 20003 ||| Stepping ~*~*~tactically~*~*~ (outnumbered).
 20005 | Orc:1    | 20005 ||| Stepping ~*~*~tactically~*~*~ (outnumbered).
 20011 | Orc:1    | 20011 ||| Stepping ~*~*~tactically~*~*~ (outnumbered).
 20014 | Orc:1    | Identified the +12 longbow of Desperation {flame, rC+
                  | Dex+4} (Okawaru gifted it to you on level 1 of the Orcish
                  | Mines)
 20014 | Orc:1    | Received a gift from Okawaru
 20016 | Orc:1    | 20016 ||| SWAPPING to +12 longbow of Desperation {flame,
                  | rC+ Dex+4}.
 20020 | Orc:1    | 20020 ||| DROPPING +7 hand crossbow "Ahun" {heavy, Fragile
                  | rElec Int+3 Dex+7}.
 20022 | Orc:1    | 20022 ||| Stepping ~*~*~tactically~*~*~ (outnumbered).
 20024 | Orc:1    | 20024 ||| DROPPING +0 orcbow of flaming.
 20025 | Orc:1    | 20025 ||| DROPPING +2 longbow of electrocution.
 20052 | Orc:1    | 20052 ||| INVOKING Heroism.
 20080 | Orc:1    | Found Delyn's Desiderata Depot.
 20089 | Orc:1    | 20089 ||| BUYING wand of digging (5) (273 gold).
 20089 | Orc:1    | Bought a wand of digging (5) for 273 gold pieces
 20169 | Orc:1    | 20169 ||| INVOKING Heroism.
 20214 | Orc:1    | Found a runed translucent door.
 20215 | Orc:1    | Noticed Tinen's ghost (journeyman TrMo)
 20431 | Orc:2    | Found Lerri's Antique Weapon Emporium.
 20452 | Orc:2    | Found a bloodstained altar of Trog.
 20554 | Orc:2    | 20554 ||| Stepping ~*~*~tactically~*~*~ (outnumbered).
 20560 | Orc:2    | 20560 ||| Stepping ~*~*~tactically~*~*~ (outnumbered).
 20605 | Orc:2    | 20605 ||| INVOKING Heroism.
 20607 | Orc:2    | 20607 ||| Stepping ~*~*~tactically~*~*~ (outnumbered).
 20608 | Orc:2    | 20608 ||| Stepping ~*~*~tactically~*~*~ (outnumbered).
 20617 | Orc:2    | 20617 ||| INVOKING Finesse.
 20658 | Orc:2    | 20658 ||| INVOKING Heroism.
 20664 | Orc:2    | Reached XP level 15. HP: 125/138 MP: 18/21
 20761 | Orc:2    | 20761 ||| INVOKING Heroism.
 20763 | Orc:2    | 20763 ||| Stepping ~*~*~tactically~*~*~ (outnumbered).
 20768 | Orc:2    | 20768 ||| Stepping ~*~*~tactically~*~*~ (outnumbered).
 20769 | Orc:2    | 20769 ||| Stepping ~*~*~tactically~*~*~ (outnumbered).
 20770 | Orc:2    | 20770 ||| Stepping ~*~*~tactically~*~*~ (outnumbered).
 20771 | Orc:2    | 20771 ||| Stepping ~*~*~tactically~*~*~ (outnumbered).
 20773 | Orc:2    | 20773 ||| Stepping ~*~*~tactically~*~*~ (outnumbered).
 20776 | Orc:2    | 20776 ||| Stepping ~*~*~tactically~*~*~ (outnumbered).
 20780 | Orc:2    | 20780 ||| Stepping ~*~*~tactically~*~*~ (outnumbered).
 20804 | Orc:2    | HP: 33/138 [orc high priest/divine providence (15)]
 20805 | Orc:2    | 20805 ||| READING 8 scrolls of teleportation.
 20805 | Orc:2    | HP: 12/138 [orc high priest/divine providence (11)]
 20806 | Orc:2    | 20806 ||| DRINKING 3 potions of heal wounds.
 21079 | Orc:2    | 21079 ||| INVOKING Heroism.
 21168 | Orc:2    | Found Hixzain's Weapon Boutique.
 21168 | Orc:2    | Found Yraroror's Weapon Boutique.
 21169 | Orc:2    | Found Xeduxtim's Book Shop.
 21169 | Orc:2    | Found Onuy's Assorted Antiques.
 21178 | Orc:2    | 21178 ||| BUYING potion of curing (69 gold).
 21178 | Orc:2    | Bought a potion of curing for 69 gold pieces
 21178 | Orc:2    | 21178 ||| BUYING potion of curing (69 gold).
 21178 | Orc:2    | Bought a potion of curing for 69 gold pieces
 21178 | Orc:2    | 21178 ||| BUYING potion of magic (184 gold).
 21178 | Orc:2    | Bought a potion of magic for 184 gold pieces
 21178 | Orc:2    | 21178 ||| BUYING scroll of teleportation (69 gold).
 21178 | Orc:2    | Bought a scroll of teleportation for 69 gold pieces
 21311 | Orc:2    | 21311 ||| STAIRDANCE
 21409 | Orc:2    | 21409 ||| PLANNING SNAKE:1-3
 21570 | Snake:1  | Entered Level 1 of the Snake Pit
 21576 | Snake:1  | 21576 ||| Stepping ~*~*~tactically~*~*~ (outnumbered).
 21577 | Snake:1  | Noticed a tentacled monstrosity
 21578 | Snake:1  | 21578 ||| INVOKING Heroism.
 21580 | Snake:1  | 21580 ||| Stepping ~*~*~tactically~*~*~ (outnumbered).
 21589 | Snake:1  | 21589 ||| INVOKING Finesse.
 21590 | Snake:1  | Noticed a thorn hunter
 21593 | Snake:1  | Killed a tentacled monstrosity
 21596 | Snake:1  | 21596 ||| Stepping ~*~*~tactically~*~*~ (outnumbered).
 21597 | Snake:1  | 21597 ||| INVOKING Heroism.
 21610 | Snake:1  | HP: 33/138 [electric eel/bolt of electricity (3)]
 21610 | Snake:1  | HP: 12/138 [alligator (7)]
 21611 | Snake:1  | 21611 ||| READING 8 scrolls of teleportation.
 21612 | Snake:1  | 21612 ||| DRINKING 2 potions of heal wounds.
 21613 | Snake:1  | 21613 ||| DRINKING potion of heal wounds.
 21615 | Snake:1  | HP: 34/138 [something (14)]
 21616 | Snake:1  | 21616 ||| READING 7 scrolls of teleportation.
 21620 | Snake:1  | HP: 32/139 [naga ritualist/Olgreb's Toxic Radiance (3)]
 21623 | Snake:1  | 21623 ||| READING 6 scrolls of teleportation.
 21625 | Snake:1  | HP: 30/139 [poisoned by a naga ritualist (toxic radiance)]
 21630 | Snake:1  | 21630 ||| READING 5 scrolls of teleportation.
 21631 | Snake:1  | 21631 ||| Stepping ~*~*~tactically~*~*~ (water).
 21631 | Snake:1  | HP: 30/139 [constriction (2)]
 21648 | Snake:1  | 21648 ||| READING 4 scrolls of teleportation.
 21651 | Snake:1  | Received a gift from Okawaru
 21654 | Snake:1  | 21654 ||| READING 3 scrolls of teleportation.
 21655 | Snake:1  | 21655 ||| Stepping ~*~*~tactically~*~*~ (water).
 21655 | Snake:1  | HP: 19/139 [something (13)]
 21656 | Snake:1  | Found an ornate altar of the Wu Jian Council.
 21657 | Snake:1  | 21657 ||| READING 2 scrolls of teleportation.
 21960 | Snake:1  | Reached skill level 15 in Fighting
 21988 | Snake:1  | 21988 ||| INVOKING Heroism.
 22002 | Snake:1  | 22002 ||| INVOKING Finesse.
 22005 | Snake:1  | Killed a thorn hunter
 22087 | Snake:1  | 22087 ||| INVOKING Heroism.
 22169 | Snake:1  | 22169 ||| INVOKING Heroism.
 22218 | Snake:1  | 22218 ||| Stepping ~*~*~tactically~*~*~ (outnumbered).
 22220 | Snake:1  | 22220 ||| Stepping ~*~*~tactically~*~*~ (outnumbered).
 22223 | Snake:1  | 22223 ||| Stepping ~*~*~tactically~*~*~ (outnumbered).
 22233 | Snake:1  | 22233 ||| INVOKING Heroism.
 22429 | Snake:1  | Reached skill level 15 in Dodging
 22652 | Snake:1  | Reached skill level 9 in Armour
 22686 | Snake:1  | 22686 ||| Stepping ~*~*~tactically~*~*~ (water).
 22707 | Snake:2  | Received a gift from Okawaru
 23071 | Snake:2  | Received a gift from Okawaru
 23124 | Snake:2  | 23124 ||| INVOKING Heroism.
 23386 | Snake:2  | Found a frozen archway.
 23513 | Snake:2  | 23513 ||| Stepping ~*~*~tactically~*~*~ (outnumbered).
 23515 | Snake:2  | 23515 ||| Stepping ~*~*~tactically~*~*~ (outnumbered).
 23788 | Snake:2  | 23788 ||| UPGRADING to +1 pair of gloves.
 23798 | Snake:2  | 23798 ||| DROPPING +0 pair of gloves of infusion.
 23799 | Snake:2  | 23799 ||| READING 11 scrolls of identify.
 23799 | Snake:2  | 23799 ||| IDENTIFYING green potion
 23824 | Snake:3  | 23824 ||| INVOKING Heroism.
 23828 | Snake:3  | Reached XP level 16. HP: 127/151 MP: 19/22
 23892 | Snake:3  | 23892 ||| STAIRDANCE
 23993 | Snake:3  | 23993 ||| Stepping ~*~*~tactically~*~*~ (outnumbered).
 23995 | Snake:3  | 23995 ||| Stepping ~*~*~tactically~*~*~ (outnumbered).
 24019 | Snake:3  | 24019 ||| Stepping ~*~*~tactically~*~*~ (water).
 24055 | Snake:3  | Identified the +0 hat of Responsibility {Rampage Dex+3
                  | Stlth-} (Okawaru gifted it to you on level 3 of the Snake
                  | Pit)
 24055 | Snake:3  | Received a gift from Okawaru
 24089 | Snake:3  | 24089 ||| Stepping ~*~*~tactically~*~*~ (outnumbered).
 24090 | Snake:3  | 24090 ||| Stepping ~*~*~tactically~*~*~ (outnumbered).
 24092 | Snake:3  | 24092 ||| Stepping ~*~*~tactically~*~*~ (outnumbered).
 24108 | Snake:3  | 24108 ||| INVOKING Heroism.
 24178 | Snake:3  | 24178 ||| FLEEEEING.
 24179 | Snake:3  | 24179 ||| FLEEEEING.
 24180 | Snake:3  | 24180 ||| FLEEEEING.
 24181 | Snake:3  | 24181 ||| FLEEEEING.
 24182 | Snake:3  | 24182 ||| FLEEEEING.
 24183 | Snake:3  | 24183 ||| FLEEEEING.
 24187 | Snake:3  | 24187 ||| FLEEEEING.
 24188 | Snake:3  | 24188 ||| FLEEEEING.
 24194 | Snake:3  | 24194 ||| Stepping ~*~*~tactically~*~*~ (water).
 24275 | Snake:3  | 24275 ||| INVOKING Heroism.
 24366 | Snake:3  | 24366 ||| INVOKING Heroism.
 24453 | Snake:3  | 24453 ||| INVOKING Heroism.
 24472 | Snake:3  | 24472 ||| FLEEEEING.
 24476 | Snake:3  | 24476 ||| INVOKING Heroism.
 24477 | Snake:3  | HP: 26/155 [naga warrior/+0 glaive (16)]
 24478 | Snake:3  | 24478 ||| READING 2 scrolls of teleportation.
 24482 | Snake:3  | HP: 24/155 [poisoned by a naga warrior (splash of poison)]
 24490 | Snake:3  | 24490 ||| READING scroll of teleportation.
 25248 | Snake:3  | 25248 ||| PLANNING SWAMP:1-3
 25248 | Snake:3  | 25248 ||| UPGRADING to +0 hat of Responsibility {Rampage
                  | Dex+3 Stlth-}.
 25253 | Snake:3  | 25253 ||| READING scroll labelled IXKIRA IVIMUC.
 25254 | Snake:3  | 25254 ||| READING 10 scrolls of identify.
 25254 | Snake:3  | 25254 ||| IDENTIFYING sapphire potion
 25365 | Swamp:1  | Entered Level 1 of the Swamp
 25517 | Swamp:1  | 25517 ||| INVOKING Heroism.
 25542 | Swamp:1  | 25542 ||| Stepping ~*~*~tactically~*~*~ (water).
 25679 | Swamp:1  | 25679 ||| Stepping ~*~*~tactically~*~*~ (cloud).
 25778 | Swamp:1  | 25778 ||| Stepping ~*~*~tactically~*~*~ (water).
 26053 | Swamp:2  | 26053 ||| INVOKING Heroism.
 26094 | Swamp:2  | Identified the +0 hat of Ostiseu {+Inv rElec Str-2}
                  | (Okawaru gifted it to you on level 2 of the Swamp)
 26094 | Swamp:2  | Received a gift from Okawaru
 26159 | Swamp:2  | 26159 ||| INVOKING Heroism.
 26190 | Swamp:2  | Noticed Nikola
 26191 | Swamp:2  | 26191 ||| INVOKING Finesse.
 26197 | Swamp:2  | 26197 ||| INVOKING Heroism.
 26203 | Swamp:2  | Killed Nikola
 26204 | Swamp:2  | Reached skill level 18 in Dodging
 26239 | Swamp:2  | 26239 ||| INVOKING Heroism.
 26241 | Swamp:2  | 26241 ||| Stepping ~*~*~tactically~*~*~ (cloud).
 26307 | Swamp:2  | 26307 ||| INVOKING Heroism.
 26317 | Swamp:2  | 26317 ||| Stepping ~*~*~tactically~*~*~ (cloud).
 26320 | Swamp:2  | 26320 ||| Stepping ~*~*~tactically~*~*~ (water).
 26386 | Swamp:2  | 26386 ||| FLEEEEING.
 26524 | Swamp:2  | 26524 ||| INVOKING Heroism.
 26966 | Swamp:2  | 26966 ||| DROPPING +0 hat of Ostiseu {+Inv rElec Str-2}.
 26978 | Swamp:3  | 26978 ||| INVOKING Heroism.
 27142 | Swamp:3  | 27142 ||| Stepping ~*~*~tactically~*~*~ (cloud).
 27143 | Swamp:3  | 27143 ||| INVOKING Heroism.
 27144 | Swamp:3  | 27144 ||| Stepping ~*~*~tactically~*~*~ (water).
 27348 | Swamp:3  | Identified the +6 dagger "Biufaixt" {antimagic, Will- Str+4
                  | Int+8 SInv}
 27393 | Swamp:3  | 27393 ||| Stepping ~*~*~tactically~*~*~ (water).
 27397 | Swamp:3  | 27397 ||| Stepping ~*~*~tactically~*~*~ (cloud).
 27427 | Swamp:3  | 27427 ||| Stepping ~*~*~tactically~*~*~ (water).
 27447 | Swamp:3  | 27447 ||| INVOKING Heroism.
 27454 | Swamp:3  | Reached XP level 17. HP: 132/163 MP: 20/23
 27550 | Swamp:3  | 27550 ||| INVOKING Heroism.
 27556 | Swamp:3  | Reached skill level 18 in Fighting
 27647 | Swamp:3  | 27647 ||| INVOKING Heroism.
 27798 | Swamp:3  | 27798 ||| Stepping ~*~*~tactically~*~*~ (water).
 27956 | Swamp:3  | 27956 ||| PLANNING SNAKE:4
 28126 | Snake:4  | Entered Level 4 of the Snake Pit
 28268 | Snake:4  | Identified the ring of Koatakh {rElec Int+6 Dex+7 Slay+5}
 28341 | Snake:4  | 28341 ||| INVOKING Heroism.
 28365 | Snake:4  | 28365 ||| Stepping ~*~*~tactically~*~*~ (outnumbered).
 28380 | Snake:4  | 28380 ||| Stepping ~*~*~tactically~*~*~ (outnumbered).
 28385 | Snake:4  | 28385 ||| Stepping ~*~*~tactically~*~*~ (outnumbered).
 28386 | Snake:4  | 28386 ||| Stepping ~*~*~tactically~*~*~ (outnumbered).
 28387 | Snake:4  | 28387 ||| INVOKING Heroism.
 28388 | Snake:4  | 28388 ||| Stepping ~*~*~tactically~*~*~ (outnumbered).
 28392 | Snake:4  | Identified the +8 longbow "Gauh" {drain, rElec rC+}
                  | (Okawaru gifted it to you on level 4 of the Snake Pit)
 28392 | Snake:4  | Received a gift from Okawaru
 28393 | Snake:4  | 28393 ||| Stepping ~*~*~tactically~*~*~ (outnumbered).
 28400 | Snake:4  | HP: 29/163 [salamander tyrant (36)]
 28401 | Snake:4  | 28401 ||| READING scroll of teleportation.
 28401 | Snake:4  | Killed from afar by a salamander tyrant

Levels and vault maps discovered:
D:1:      dpeg_arrival_three_bigger_balls, layout_loops_ring, minmay_unequal
D:2:      layout_loops_cross, basic_altar, minmay_misc_feat_doors,
          minmay_misc_feat_square
D:3:      layout_rooms, jmf_multi_god_temple
D:4:      layout_cave_pools, uniq_eustachio
D:5:      layout_loops_ring, nicolae_overflow_crystal_walls,
          minmay_temple_entry_antechambers, gammafunk_ghost_cemetery,
          corexii_leaking_fountain, chequers_serial_rivers_micro_e,
          dk_noncrumbling_2, dk_vineyard_2, dk_noncrumbling_3
D:6:      layout_basic, uniq_sigmund
D:7:      layout_basic, mainiacjoe_overflow_alcove_1
D:8:      layout_basic
D:9:      layout_loops_ring, nzn_life_drinkers
D:10:     layout_stronghold, orc_0_dummy, enter_bailey_4,
          kennysheep_generic_room_16, uniq_maggie, uniq_psyche
D:11:     layout_roguey, david_lair_generic, uniq_josephine
D:12:     layout_loops_cross, gammafunk_ghost_spectres, hangedman_weighted_door,
          hangedman_fish_farm
D:13:     layout_roguey, nicolae_dithmenos_through_a_glass_darkly
D:14:     layout_stronghold, skrybe_vaults_entry_preservation
D:15:     hangedman_depths_entry_try_elsewhere_first, layout_gridville,
          dreamdust_princess_bridge, nicolae_trove_entry_isolated
Lair:1:   layout_loops_ring, uniq_nergalle
Lair:2:   layout_layer_cave, minmay_swamp_entry_worms,
          amcnicky_altar_lugonu_corruption, infiniplex_staircase_pool
Lair:3:   layout_gridlike, guppyfry_snake_entry_garden, minivault_11, uniq_kirke
Lair:4:   layout_long_grid, nicolae_slime_entry_field_trip
Lair:5:   minmay_lair_end_frog_pond, layout_loops_ring, minivault_27
Swamp:1:  layout_falls_marsh, hangedman_swamp_blocks
Swamp:2:  layout_basic_swamp, evilmike_swamp_ruin_house_2, swamp_pool1,
          uniq_nikola
Swamp:3:  layout_basic_swamp, evilmike_swamp_ruin_rubble_1
Snake:1:  onia_ninara_swampy_vault, layout_basic, basic_altar
Snake:2:  layout_chambers, portal_ice_cave_entry_horrid_things
Snake:3:  layout_basic, nicolae_snake_salamander_fort
Snake:4:  snake_pit, layout_gridlike
Orc:1:    layout_caves, ebering_ghost_inner_flame, basic_altar, special_room
          [special_room_orc], nicolae_alphabet_shops
Orc:2:    st_orc_pillars, layout_caves, serial_shops, shop, basic_altar

Skill      XL: |  1  2  3  4  5  6  7  8  9 10 11 12 13 14 15 16 17 |
---------------+----------------------------------------------------+-----
Ranged Weapons | 5 6 7 8 10 12 13 14 16 18 20 | 20.0
Armour         | 1 2 3 4 5 7 9 10 | 10.0
Fighting       | 3 5 7 8 9 10 11 12 14 16 17 18 | 18.0
Invocations    | 2 4 8 10 | 10.0
Dodging        | 3 4 6 8 10 11 12 15 18 19 | 19.0
Stealth        | |  0.7

Action                     |  1- 3 |  4- 6 |  7- 9 | 10-12 | 13-15 | 16-18 || total
---------------------------+-------+-------+-------+-------+-------+-------++-------
   Fire: Shortbow          |   107 |   105 |   252 |       |       |       ||   464
         Orcbow            |       |       |    72 |   678 |   174 |       ||   924
         Longbow           |       |       |       |       |   995 |   533 ||  1528
 Invoke: Heroism           |       |     3 |    10 |    19 |    32 |    19 ||    83
         Finesse           |       |       |       |     1 |     8 |     1 ||    10
    Use: Scroll            |     3 |     8 |     8 |     7 |    15 |     5 ||    46
         Potion            |       |       |     5 |     2 |     4 |       ||    11
 Armour: Leather armour    |     2 |       |       |       |       |       ||     2
         Ring mail         |    14 |    28 |    36 |    16 |       |       ||    94
         Steam dragon scal |       |       |       |    77 |   139 |    46 ||   262
  Dodge: Dodged            |    21 |    45 |   160 |   363 |   556 |   239 ||  1384

Table legend:
 A = Non-vault XP
 B = Vault XP
 C = Vault XP percentage of total XP
 D = Non-vault monster count
 E = Vault monster count
 F = Vault count percentage of total count
                 A         B        C        D         E       F
            +---------+---------+-------+---------+---------+-------
      Total |  164208 |   69679 |  29.8 |     594 |     237 |  28.5
            +---------+---------+-------+---------+---------+-------
        D:1 |      26 |       7 |  21.2 |      16 |       4 |  20.0
        D:2 |      12 |       0 |   0.0 |       9 |       0 |   0.0
        D:3 |      61 |       4 |   6.2 |      15 |       2 |  11.8
        D:4 |     131 |     191 |  59.3 |       9 |       1 |  10.0
        D:5 |     688 |       0 |   0.0 |      18 |       0 |   0.0
        D:6 |     501 |     239 |  32.3 |       8 |       1 |  11.1
        D:7 |    1555 |       0 |   0.0 |      27 |       0 |   0.0
        D:8 |     958 |       0 |   0.0 |      16 |       0 |   0.0
        D:9 |    2625 |     220 |   7.7 |      18 |       1 |   5.3
       D:10 |    2228 |    1138 |  33.8 |      18 |       8 |  30.8
       D:11 |    2902 |    2437 |  45.6 |      20 |       8 |  28.6
       D:12 |    8507 |    2334 |  21.5 |      23 |       6 |  20.7
       D:13 |    5614 |       0 |   0.0 |      13 |       0 |   0.0
       D:14 |    7755 |    5247 |  40.4 |      18 |       9 |  33.3
       D:15 |    7048 |    2114 |  23.1 |      16 |       3 |  15.8
     Lair:1 |    2712 |     775 |  22.2 |      15 |       1 |   6.2
     Lair:2 |    2240 |    1020 |  31.3 |      10 |       5 |  33.3
     Lair:3 |    2829 |    2343 |  45.3 |      12 |       6 |  33.3
     Lair:4 |    6396 |     213 |   3.2 |      21 |       5 |  19.2
     Lair:5 |    7437 |   10200 |  57.8 |      25 |      35 |  58.3
    Swamp:1 |    7478 |       0 |   0.0 |      15 |       0 |   0.0
    Swamp:2 |   15890 |    2253 |  12.4 |      27 |       1 |   3.6
    Swamp:3 |   15234 |       0 |   0.0 |      24 |       0 |   0.0
    Snake:1 |   14440 |   13032 |  47.4 |      35 |      25 |  41.7
    Snake:2 |   12397 |    2440 |  16.4 |      26 |       5 |  16.1
    Snake:3 |   20604 |    6029 |  22.6 |      46 |      10 |  17.9
    Snake:4 |    9582 |    3653 |  27.6 |      23 |       8 |  25.8
      Orc:1 |    3817 |    3257 |  46.0 |      41 |      24 |  36.9
      Orc:2 |    2541 |   10533 |  80.6 |      30 |      69 |  69.7
            +---------+---------+-------+---------+---------+-------
